 Dungeon Crawl Stone Soup version 0.30.0-10-gfe55d96785 (webtiles) character file.

Game seed: 6497776603675965879

7892 qw the Cleaver (level 11, 0/68 HPs)
             Began as a Gargoyle Cinder Acolyte on May 17, 2023.
             Was an Initiate of Okawaru.
             Slain by a fire elemental (9 damage)
             ... created by the fiery vengeance of Ignis
             ... on level 9 of the Dungeon.
             The game lasted 00:05:50 (11544 turns).

qw the Cleaver (Gargoyle Cinder Acolyte)           Turns: 11544, Time: 00:05:50

Health: 0/68       AC: 29    Str: 21    XL:     11   Next: 22%
Magic:  12/12      EV:  5    Int: 19    God:    Okawaru [......]
Gold:   289        SH: 11    Dex:  4    Spells: 12/12 levels left

rFire   . . .        Y - +0 hand axe (freeze)
rCold   + . .        d - +2 kite shield {rC+}
rNeg    + . .        b - +0 plate armour
rPois   inf          g - +2 helmet
rElec   +            t - +0 cloak
rCorr   +            u - +0 pair of gloves
SInv    .            c - +0 pair of boots
Will    .....        (no amulet) Stlth
                     i - ring of protection from fire
HPRegen 0.31/turn    r - ring of resist corrosion
MPRegen 0.13/turn

%: no passive effects
@: fire susceptible
A: sickness immunity, AC +8, negative energy resistance 1, electricity
resistance, torment resistance 1, petrification resistance, clever 1, MP-powered
wands, noise suppression
a: Renounce Religion


You were on level 9 of the Dungeon.
You worshipped Okawaru.
Okawaru was noncommittal.
You visited 2 branches of the dungeon, and saw 11 of its levels.

You collected 527 gold pieces.
You spent 238 gold pieces at shops.


Innate Abilities, Weirdness & Mutations

You are immune to sickness and miasma.
Your stone body is resilient. (AC +8)
You are immune to poison.
You resist negative energy. (rN+)
You are resistant to electric shocks. (rElec)
You are resistant to unholy torment.
You are immune to petrification.
Your mind is acute. (Int +4, Str/Dex -1)
You expend magic power (3 MP) to strengthen your wands.
You passively dampen the noise of your surroundings.


   Skills:
 + Level 7.6 Fighting
 - Level 10.0 Axes
 - Level 3.0 Throwing
 - Level 8.6 Armour
 - Level 9.0 Shields
 - Level 1.0 Spellcasting
 - Level 3.0 Fire Magic


You had 12 spell levels left.
You didn't know any spells.
Your spell library contained the following spells:

 Spells                   Type           Power      Damage    Failure   Level
 Scorch                   Fire           24%        2d6       95%         2

Inventory:

Hand Weapons
 e - a +0 flail
 Y - a +0 hand axe of freezing (weapon)
Missiles
 j - a silver boomerang (quivered)
 k - 5 boomerangs
Armour
 b - a +0 plate armour (worn)
 c - a +0 pair of boots (worn)
 d - a +2 kite shield of cold resistance (worn)
 g - a +2 helmet (worn)
 t - a +0 cloak (worn)
 u - a +0 pair of gloves (worn)
Jewellery
 i - a ring of protection from fire (left hand)
 r - a ring of resist corrosion (right hand)
Scrolls
 h - a scroll of identify
Potions
 a - 3 potions of resistance
 l - 2 potions of mutation
 n - a potion of cancellation

Dungeon Overview and Level Annotations

Branches:
Dungeon (10/15)            Temple (1/1) D:5
   Lair: D:8-11         Orc: D:9-12

Altars:
Ashenzari
Cheibriados
Dithmenos
Elyvilon
Fedhas
Gozag
Hepliaklqana
Kikubaaqudgha
Makhleb
Nemelex Xobeh
Okawaru
Qazlal
Ru
Sif Muna
Trog
Uskayaw
Vehumet
Wu Jian
Xom
Yredelemnul
Zin
The Shining One

Shops:
D:6 :**[

Annotations:
D:1 1 transporter
D:6 2 transporters
D:8 1 runed translucent door, qw's ghost, novice GrCA
D:9 1 runed translucent door, qw's ghost, journeyman GrCA


Message History

You completely miss the fire elemental.
The fire elemental is lightly damaged.
You hit the fire elemental. You freeze the fire elemental.
The fire elemental hits you. The fire elemental burns you!
The fire elemental hits you. The fire elemental burns you!
You slash the fire elemental! You freeze the fire elemental.
The fire elemental is heavily damaged.
You hit the fire elemental but do no damage.
You block the fire elemental's attack. The fire elemental hits you.
The fire elemental burns you!
You hit the fire elemental but do no damage.
The fire elemental is heavily damaged.
You closely miss the fire elemental. The fire elemental hits you.
The fire elemental burns you! The fire elemental closely misses you.
You block the fire elemental's attack. The fire elemental hits you.
You hit the fire elemental but do no damage.
The fire elemental is heavily damaged.
You hit the fire elemental but do no damage.
The fire elemental completely misses you.
The fire elemental hits you. The fire elemental burns you!
You closely miss the fire elemental.
The fire elemental is heavily damaged.
You closely miss the fire elemental.
You block the fire elemental's attack. x2
You hit the fire elemental but do no damage.
The fire elemental is heavily damaged.
You closely miss the fire elemental. The fire elemental barely misses you.
You block the fire elemental's attack.
You closely miss the fire elemental.
The fire elemental is heavily damaged.
You hit the fire elemental but do no damage.
You block the fire elemental's attack. The fire elemental hits you.
The fire elemental burns you!
You hit the fire elemental but do no damage.
The fire elemental is heavily damaged.
You hit the fire elemental but do no damage.
The fire elemental hits you. The fire elemental burns you!
The fire elemental hits you. The fire elemental burns you!
You die...

####.................#######
#...........................
#...........######..#####...
#####.......#....'..#...#...
#.......#....#..'.>.#...
#####.......#....#..#...#...
#...........#....#..#####...
#...........#....#..........
#...#####..@######..........
#...#...#..EE...............
#...#...#...#'####'#####..##
#...'...#...#..........#..#.
#...#####...#..........#..#.
#...........#..........#..#.
#.###'#####+#..........#..#.
###.#.%.........##'#####.#..#.
#...#....####'#.#......#.#..#.


You could see 2 fire elementals.

Vanquished Creatures
  2 two-headed ogres
  An ugly thing (D:9)
  Sigmund (D:2)
  3 wraiths
  7 yaks
  A steam dragon (D:8)
  2 wyverns
  4 vampire mosquitoes
  4 water moccasins
  2 orc warriors
  4 ice beasts
  2 black bears (D:5)
  A sky beast (D:3)
  2 ogres (D:5)
  2 centaurs
  2 phantoms (D:5)
  2 gnoll sergeants
  A kobold brigand (D:9)
  2 necrophages (D:6)
  A scorpion (D:4)
  A bullfrog (D:7)
  A wyvern zombie (D:6)
  5 wights (D:6)
  A water moccasin zombie (D:6)
  5 killer bees (D:7)
  5 howler monkeys
  3 bullfrog zombies (D:6)
  A jelly (D:4)
  3 orc priests
  2 hounds
  A human zombie (D:6)
  2 sleepcaps
  Ijyb (D:5)
  6 iguanas
  4 orc wizards
  2 killer bee zombies (D:6)
  A mummy (D:6)
  Robin (D:3)
  8 gnolls
  6 adders
  2 shadow imps
  2 ufetubi (D:5)
  3 worms
  2 dart slugs
  25 orcs
  8 endoplasms
  6 giant cockroaches
  20 goblins
  10 hobgoblins
  8 quokkas
  6 ball pythons
  7 bats
  5 frilled lizards
  20 kobolds
  5 rats
234 creatures vanquished.

Notes
Turn   | Place    | Note
-------+----------+-------------------------------------------
     0 | D:1      | qw the Gargoyle Cinder Acolyte began the quest for the Orb.
     0 | D:1      | Reached XP level 1. HP: 14/14 MP: 2/2
     0 | D:1      | 0 ||| qw: Version: 0.2-a-95-g206ef33
     0 | D:1      | 0 ||| qw: Game counter: 179
     0 | D:1      | 0 ||| qw: Always use a shield: true
     0 | D:1      | 0 ||| qw: God list: Okawaru
     0 | D:1      | 0 ||| qw: Allow faded altars: false
     0 | D:1      | 0 ||| qw: Do Orc after D:15 true
     0 | D:1      | 0 ||| qw: Do second Lair branch before Depths: true
     0 | D:1      | 0 ||| qw: Lair rune preference: random
     0 | D:1      | 0 ||| qw: Plans: Normal
     0 | D:1      | 0 ||| PLANNING D:1-11
    70 | D:1      | 70 ||| Stepping ~*~*~tactically~*~*~ (stealth).
    72 | D:1      | 72 ||| Stepping ~*~*~tactically~*~*~ (hiding).
    77 | D:1      | Reached skill level 3 in Axes
   203 | D:1      | Reached XP level 2. HP: 16/19 MP: 3/3
   225 | D:1      | Found a faded altar of an unknown god.
   449 | D:1      | 449 ||| Stepping ~*~*~tactically~*~*~ (stealth).
   455 | D:1      | 455 ||| Stepping ~*~*~tactically~*~*~ (stealth).
   456 | D:1      | 456 ||| Stepping ~*~*~tactically~*~*~ (stealth).
   467 | D:1      | 467 ||| Stepping ~*~*~tactically~*~*~ (stealth).
   468 | D:1      | 468 ||| Stepping ~*~*~tactically~*~*~ (stealth).
   490 | D:1      | Reached XP level 3. HP: 22/23 MP: 4/4
   934 | D:1      | 934 ||| UPGRADING to +0 pair of boots.
   939 | D:1      | 939 ||| UPGRADING to +0 leather armour.
   949 | D:1      | 949 ||| DROPPING +0 robe.
   950 | D:1      | 950 ||| UPGRADING to +0 chain mail.
   960 | D:1      | 960 ||| DROPPING +0 leather armour.
   961 | D:1      | 961 ||| UPGRADING to ring of protection from fire.
   962 | D:1      | 962 ||| READING scroll labelled HIGIAS FEITOMA.
   966 | D:1      | 966 ||| READING scroll labelled SUUNWYUNUI.
   967 | D:1      | 967 ||| READING scroll labelled MOBOKI FO NELO.
   968 | D:1      | 968 ||| READING scroll labelled BEW NELAUSH.
   990 | D:2      | 990 ||| Stepping ~*~*~tactically~*~*~ (stealth).
   992 | D:2      | 992 ||| INVOKING Fiery Armour.
   999 | D:2      | Reached skill level 1 in Armour
  1003 | D:2      | Noticed Sigmund
  1004 | D:2      | 1004 ||| Stepping ~*~*~tactically~*~*~ (stealth).
  1005 | D:2      | 1005 ||| Stepping ~*~*~tactically~*~*~ (stealth).
  1006 | D:2      | 1006 ||| Stepping ~*~*~tactically~*~*~ (stealth).
  1007 | D:2      | 1007 ||| Stepping ~*~*~tactically~*~*~ (stealth).
  1020 | D:2      | Killed Sigmund
  1021 | D:2      | Reached skill level 5 in Axes
  1021 | D:2      | Reached XP level 4. HP: 18/28 MP: 5/5
  1021 | D:2      | Reached XP level 5. HP: 20/32 MP: 6/6
  1196 | D:2      | 1196 ||| Stepping ~*~*~tactically~*~*~ (stealth).
  1208 | D:2      | Found an opulent altar of Gozag.
  1216 | D:2      | 1216 ||| Stepping ~*~*~tactically~*~*~ (hiding).
  1261 | D:2      | 1261 ||| Stepping ~*~*~tactically~*~*~ (stealth).
  1525 | D:2      | 1525 ||| READING scroll labelled BOYFULINTO.
  1526 | D:2      | 1526 ||| DRINKING 3 fuming sapphire potions.
  1561 | D:2      | 1561 ||| DRINKING 3 cyan potions.
  1562 | D:2      | 1562 ||| DROPPING 2 potions of lignification.
  1563 | D:2      | 1563 ||| DROPPING 2 potions of flight.
  1608 | D:3      | Found a stormy altar of Qazlal.
  1608 | D:3      | Noticed a sky beast
  1611 | D:3      | 1611 ||| Stepping ~*~*~tactically~*~*~ (stealth).
  1627 | D:3      | 1627 ||| Stepping ~*~*~tactically~*~*~ (hiding).
  1631 | D:3      | 1631 ||| INVOKING Fiery Armour.
  1633 | D:3      | Killed a sky beast
  1634 | D:3      | Reached XP level 6. HP: 14/39 MP: 7/7
  1653 | D:3      | 1653 ||| Stepping ~*~*~tactically~*~*~ (stealth).
  1661 | D:3      | 1661 ||| Stepping ~*~*~tactically~*~*~ (stealth).
  1836 | D:3      | 1836 ||| Stepping ~*~*~tactically~*~*~ (stealth).
  1837 | D:3      | 1837 ||| Stepping ~*~*~tactically~*~*~ (stealth).
  1905 | D:3      | 1905 ||| Stepping ~*~*~tactically~*~*~ (stealth).
  2040 | D:3      | 2040 ||| Stepping ~*~*~tactically~*~*~ (hiding).
  2047 | D:3      | Reached skill level 6 in Axes
  2047 | D:3      | Noticed Robin
  2048 | D:3      | 2048 ||| INVOKING Fiery Armour.
  2054 | D:3      | Killed Robin
  2100 | D:3      | 2100 ||| Stepping ~*~*~tactically~*~*~ (stealth).
  2392 | D:3      | Found a basalt altar of Yredelemnul.
  2397 | D:3      | Found a white marble altar of Elyvilon.
  2397 | D:3      | Found an ornate altar of the Wu Jian Council.
  2410 | D:3      | Found a hide-covered altar of Uskayaw.
  2413 | D:3      | Found an opulent altar of Gozag.
  2493 | D:3      | 2493 ||| UPGRADING to +0 helmet.
  2498 | D:3      | 2498 ||| READING 2 scrolls labelled GOEDE HUOPH.
  2499 | D:3      | 2499 ||| READING scroll of enchant armour.
  2499 | D:3      | 2499 ||| ENCHANTING +0 helmet.
  2500 | D:3      | 2500 ||| READING scroll labelled CEWOXIJUJU.
  2601 | D:3      | 2601 ||| READING scroll labelled SEDYSEMN GAVU.
  2624 | D:3      | 2624 ||| Stepping ~*~*~tactically~*~*~ (stealth).
  2625 | D:3      | 2625 ||| Stepping ~*~*~tactically~*~*~ (stealth).
  2627 | D:3      | 2627 ||| Stepping ~*~*~tactically~*~*~ (stealth).
  2628 | D:3      | 2628 ||| Stepping ~*~*~tactically~*~*~ (stealth).
  2629 | D:3      | 2629 ||| Stepping ~*~*~tactically~*~*~ (stealth).
  2630 | D:3      | 2630 ||| Stepping ~*~*~tactically~*~*~ (stealth).
  2788 | D:4      | 2788 ||| Stepping ~*~*~tactically~*~*~ (hiding).
  2797 | D:4      | Reached XP level 7. HP: 44/44 MP: 8/8
  2813 | D:4      | Reached skill level 1 in Throwing
  2825 | D:4      | 2825 ||| Stepping ~*~*~tactically~*~*~ (stealth).
  2842 | D:4      | Reached skill level 3 in Armour
  2874 | D:4      | Found a sacrificial altar of Ru.
  3192 | D:4      | Found the +2 hood of the Assassin {Detect Stab+ Stlth++}
  3320 | D:4      | 3320 ||| Stepping ~*~*~tactically~*~*~ (hiding).
  3825 | D:4      | 3825 ||| READING scroll labelled WONUOM YMEKAA.
  3825 | D:4      | Identified a scroll of acquirement
  3825 | D:4      | 3825 ||| ACQUIRING +2 kite shield of cold resistance
  3825 | D:4      | Acquired a +2 kite shield of cold resistance
  3827 | D:4      | 3827 ||| UPGRADING to +2 kite shield of cold resistance.
  3832 | D:4      | 3832 ||| READING 2 scrolls labelled NEDGHO GEFU.
  3833 | D:4      | 3833 ||| READING 2 scrolls of identify.
  3833 | D:4      | 3833 ||| IDENTIFYING green potion
  3834 | D:4      | 3834 ||| DROPPING potion of degeneration.
  3835 | D:4      | 3835 ||| DROPPING scroll of blinking.
  3861 | D:5      | Entered Level 5 of the Dungeon
  3871 | D:5      | 3871 ||| STAIRDANCE
  3881 | D:4      | Reached skill level 3 in Shields
  3972 | D:5      | Reached XP level 8. HP: 48/48 MP: 9/9
  3977 | D:5      | 3977 ||| Stepping ~*~*~tactically~*~*~ (hiding).
  3993 | D:5      | 3993 ||| INVOKING Fiery Armour.
  4115 | D:5      | 4115 ||| Stepping ~*~*~tactically~*~*~ (stealth).
  4184 | D:5      | 4184 ||| Stepping ~*~*~tactically~*~*~ (stealth).
  4186 | D:5      | 4186 ||| Stepping ~*~*~tactically~*~*~ (stealth).
  4189 | D:5      | 4189 ||| INVOKING Fiery Armour.
  4193 | D:5      | 4193 ||| Stepping ~*~*~tactically~*~*~ (hiding).
  4210 | D:5      | Reached skill level 6 in Shields
  4419 | D:5      | 4419 ||| Stepping ~*~*~tactically~*~*~ (stealth).
  4452 | D:5      | 4452 ||| INVOKING Fiery Armour.
  4497 | D:5      | 4497 ||| Stepping ~*~*~tactically~*~*~ (stealth).
  4643 | D:5      | Reached skill level 7 in Axes
  4650 | D:5      | 4650 ||| READING scroll of enchant armour.
  4650 | D:5      | 4650 ||| ENCHANTING +1 helmet.
  4670 | D:5      | Found a staircase to the Ecumenical Temple.
  4797 | D:5      | Noticed Ijyb
  4798 | D:5      | 4798 ||| Stepping ~*~*~tactically~*~*~ (hiding).
  4805 | D:5      | 4805 ||| INVOKING Fiery Armour.
  4808 | D:5      | HP: 11/49 [Ijyb/bolt of acid (5)]
  4809 | D:5      | 4809 ||| READING scroll of teleportation.
  4818 | D:5      | HP: 2/49 [Ijyb/bolt of acid (12)]
  4824 | D:5      | Killed Ijyb
  5223 | D:5      | Noticed a wraith
  5241 | D:5      | Killed a wraith
  5242 | D:5      | Reached XP level 9. HP: 48/54 MP: 10/10
  5276 | D:5      | 5276 ||| DROPPING +6 ring of intelligence.
  5277 | D:5      | 5277 ||| DRINKING 2 metallic black potions.
  5277 | D:5      | Gained mutation: You expend magic power (3 MP) to
                  | strengthen your wands. [potion of mutation]
  5277 | D:5      | Gained mutation: Your mind is acute. (Int +4, Str/Dex -1)
                  | [potion of mutation]
  5277 | D:5      | Gained mutation: You passively dampen the noise of your
                  | surroundings. [potion of mutation]
  5278 | D:5      | 5278 ||| DRINKING 2 fuming inky potions.
  5279 | D:5      | 5279 ||| DROPPING potion of invisibility.
  5341 | D:6      | Found Cuuwk's Assorted Antiques.
  5345 | D:6      | 5345 ||| BUYING long lead wand (64 gold).
  5345 | D:6      | Bought a long lead wand for 64 gold pieces
  5345 | D:6      | 5345 ||| BUYING scroll of teleportation (48 gold).
  5345 | D:6      | Bought a scroll of teleportation for 48 gold pieces
  5377 | D:6      | 5377 ||| Stepping ~*~*~tactically~*~*~ (stealth).
  5380 | D:6      | 5380 ||| Stepping ~*~*~tactically~*~*~ (stealth).
  5392 | D:6      | 5392 ||| INVOKING Fiery Armour.
  5394 | D:6      | Reached skill level 8 in Axes
  5792 | D:6      | Found Reitoar's Book Boutique.
  5847 | D:6      | 5847 ||| Stepping ~*~*~tactically~*~*~ (stealth).
  5867 | D:6      | Found a shimmering altar of Xom.
  6042 | D:6      | Reached skill level 6 in Fighting
  6179 | D:6      | Found an ancient bone altar of Kikubaaqudgha.
  6324 | D:6      | 6324 ||| Stepping ~*~*~tactically~*~*~ (hiding).
  6381 | D:6      | Found a burning altar of Makhleb.
  6439 | D:6      | Found a transporter.
  6441 | D:6      | Found Lyvvidol's General Store.
  6478 | D:6      | Found Baziub's Armour Boutique.
  6594 | D:6      | Found a transporter.
  6671 | D:6      | 6671 ||| BUYING +0 cloak (63 gold).
  6671 | D:6      | Bought a +0 cloak for 63 gold pieces
  6671 | D:6      | 6671 ||| BUYING +0 pair of gloves (63 gold).
  6671 | D:6      | Bought a +0 pair of gloves for 63 gold pieces
  6671 | D:6      | 6671 ||| SHOPLISTING scarf of repulsion (168 gold, have
                  | 32).
  6671 | D:6      | 6671 ||| UPGRADING to +0 cloak.
  6676 | D:6      | 6676 ||| UPGRADING to +0 pair of gloves.
  6681 | D:6      | 6681 ||| UPGRADING to ring of resist corrosion.
  6682 | D:6      | 6682 ||| READING scroll labelled GAROZO UMEPT.
  6683 | D:6      | 6683 ||| READING scroll labelled UCORRI OTUOTA.
  6684 | D:6      | 6684 ||| READING 4 scrolls of identify.
  6684 | D:6      | 6684 ||| IDENTIFYING inky potion
  6685 | D:6      | 6685 ||| READING 3 scrolls of identify.
  6685 | D:6      | 6685 ||| IDENTIFYING purple potion
  6686 | D:6      | 6686 ||| READING 2 scrolls of identify.
  6686 | D:6      | 6686 ||| IDENTIFYING fizzy emerald potion
  6687 | D:6      | 6687 ||| DROPPING potion of ambrosia.
  6688 | D:6      | 6688 ||| DROPPING potion of berserk rage.
  6689 | D:6      | 6689 ||| DROPPING wand of paralysis (9).
  7080 | D:7      | 7080 ||| Stepping ~*~*~tactically~*~*~ (stealth).
  7082 | D:7      | 7082 ||| Stepping ~*~*~tactically~*~*~ (hiding).
  7099 | D:7      | 7099 ||| INVOKING Fiery Armour.
  7269 | D:7      | 7269 ||| Stepping ~*~*~tactically~*~*~ (stealth).
  7270 | D:7      | 7270 ||| Stepping ~*~*~tactically~*~*~ (stealth).
  7272 | D:7      | 7272 ||| Stepping ~*~*~tactically~*~*~ (hiding).
  7273 | D:7      | 7273 ||| Stepping ~*~*~tactically~*~*~ (hiding).
  7513 | D:7      | 7513 ||| Stepping ~*~*~tactically~*~*~ (hiding).
  7544 | D:7      | Reached skill level 9 in Axes
  7544 | D:7      | Reached XP level 10. HP: 59/60 MP: 11/11
  8132 | D:7      | 8132 ||| Stepping ~*~*~tactically~*~*~ (stealth).
  8305 | D:7      | 8305 ||| UPGRADING to +0 plate armour.
  8315 | D:7      | 8315 ||| DROPPING +0 chain mail.
  8442 | D:8      | 8442 ||| Stepping ~*~*~tactically~*~*~ (hiding).
  8443 | D:8      | 8443 ||| Stepping ~*~*~tactically~*~*~ (stealth).
  8444 | D:8      | 8444 ||| Stepping ~*~*~tactically~*~*~ (hiding).
  8568 | D:8      | Found a runed translucent door.
  8568 | D:8      | Noticed qw's ghost (novice GrCA)
  8585 | D:8      | 8585 ||| Stepping ~*~*~tactically~*~*~ (stealth).
  8588 | D:8      | 8588 ||| Stepping ~*~*~tactically~*~*~ (stealth).
  8631 | D:8      | Reached skill level 6 in Armour
  8905 | D:8      | Noticed a two-headed ogre
  8922 | D:8      | Killed a two-headed ogre
  9165 | D:8      | 9165 ||| READING 2 scrolls of identify.
  9165 | D:8      | 9165 ||| IDENTIFYING fizzy puce potion
  9173 | D:9      | 9173 ||| INVOKING Fiery Armour.
  9179 | D:9      | 9179 ||| STAIRDANCE
  9182 | D:8      | Reached skill level 3 in Throwing
  9318 | D:9      | 9318 ||| STAIRDANCE
  9323 | D:8      | 9323 ||| INVOKING Fiery Armour.
  9325 | D:8      | HP: 15/63 [yak (12)]
  9326 | D:8      | 9326 ||| READING 2 scrolls of teleportation.
  9327 | D:8      | Reached skill level 9 in Shields
  9625 | D:9      | Noticed a red ugly thing
  9640 | D:9      | 9640 ||| INVOKING Fiery Armour.
  9645 | D:9      | Killed a red ugly thing
  9988 | D:9      | 9988 ||| Stepping ~*~*~tactically~*~*~ (stealth).
  9989 | D:9      | 9989 ||| Stepping ~*~*~tactically~*~*~ (stealth).
  9990 | D:9      | 9990 ||| Stepping ~*~*~tactically~*~*~ (stealth).
 10095 | D:9      | 10095 ||| INVOKING Fiery Armour.
 10108 | D:9      | Reached skill level 10 in Axes
 10108 | D:9      | Reached XP level 11. HP: 66/67 MP: 12/12
 10185 | D:9      | 10185 ||| PLANNING TEMPLE
 10185 | D:9      | 10185 ||| READING 2 scrolls labelled JEMO UZUSA.
 10186 | D:9      | 10186 ||| READING scroll labelled KAIRHE EF IHOO.
 10187 | D:9      | 10187 ||| READING 2 scrolls of identify.
 10187 | D:9      | 10187 ||| IDENTIFYING clear potion
 10188 | D:9      | 10188 ||| DROPPING scroll of magic mapping.
 10189 | D:9      | 10189 ||| DROPPING potion of brilliance.
 10204 | D:8      | 10204 ||| Stepping ~*~*~tactically~*~*~ (stealth).
 10208 | D:8      | 10208 ||| Stepping ~*~*~tactically~*~*~ (stealth).
 10230 | D:8      | 10230 ||| DROPPING +0 club.
 10370 | Temple   | Entered the Ecumenical Temple
 10402 | Temple   | 10402 ||| PLANNING OKAWARU WORSHIP
 10436 | Temple   | Fell from the grace of Ignis
 10436 | Temple   | Became a worshipper of Warmaster Okawaru
 10437 | Temple   | 10437 ||| PLANNING D:1-11
 10752 | D:9      | Found a shimmering altar of Xom.
 10752 | D:9      | Noticed qw's ghost (journeyman GrCA)
 10752 | D:9      | Found the +8 trishula "Condemnation" {holy, anguish, *Noise
                  | Fly rN+}
 10752 | D:9      | Noticed a +3 morningstar of chaos
 10756 | D:9      | Found a runed translucent door.
 10854 | D:9      | 10854 ||| DROPPING +0 whip.
 10989 | D:10     | Entered Level 10 of the Dungeon
 11004 | D:10     | Noticed a two-headed ogre
 11017 | D:10     | Killed a two-headed ogre
 11307 | D:10     | 11307 ||| STAIRDANCE
 11320 | D:9      | HP: 12/67 [yak (11)]
 11321 | D:9      | 11321 ||| READING scroll of teleportation.
 11322 | D:9      | HP: 3/67 [yak (10)]
 11543 | D:9      | HP: 16/68 [fire elemental[the fiery vengeance of Ignis]
                  | (7)]
 11544 | D:9      | Slain by a fire elemental

Levels and vault maps discovered:
D:1:      spicycebolla_arrival_risky_transporter, layout_loops_ring,
          hellmonk_ecumenical_altar_heavens_door,
          corexii_item_surrounded_by_moat
D:2:      layout_rooms, basic_altar, st_stairs_11, uniq_sigmund
D:3:      layout_loops_ring, nicolae_qazlal_beasts_of_the_sky,
          minmay_overflow_temple_star_hex, uniq_robin, uniq_crazy_yiuf_cottage
D:4:      layout_basic, nicolae_ru_great_annihilating_truth,
          corexii_checkpoint_b
D:5:      layout_rooms, minmay_temple_entry_poolview, minmay_manual_mullet,
          uniq_ijyb
D:6:      layout_loops_ring, makhleb_heckhound_becter,
          lemuel_mausoleum_altar_kikubaaqudgha, tgw_xom, serial_shops,
          nicolae_inconvenience_store, nicolae_shop_drivethru,
          nicolae_stop_n_shop_2, nicolae_diamond_shop, grunt_decor_cap
D:7:      layout_loops_corners, serial_co_window_serial,
          co_window_of_opportunity_a, co_window_paths_a, co_window_paths_a,
          co_window_paths_a, co_window_paths_b, co_window_paths_c,
          co_window_paths_c, co_window_broadway_c, co_window_2corner,
          glass_columns_b, glass_columns_c, glass_columns_b
D:8:      layout_loops_ring, hellmonk_ghost_happy_afterlife
D:9:      layout_irregular_city, ebering_ghost_xom, grunt_ministairs_13,
          dk_rats_in_the_wall
D:10:     layout_layer_cave, david_lair_generic, minivault_20, uniq_nergalle,
          uniq_urug
Temple:   nicolae_temple_x_marks_the_god

Skill      XL: |  1  2  3  4  5  6  7  8  9 10 11 |
---------------+----------------------------------+-----
Axes           | 3 5 6 7 9 10 | 10.0
Armour         | 1 2 3 5 7 8 |  8.6
Fighting       | 4 5 6 7 |  7.6
Throwing       | 1 3 |  3.0
Shields        | 4 7 8 9 |  9.0
Spellcasting   | |  1.0
Fire Magic     | |  3.0

Action                     |  1- 3 |  4- 6 |  7- 9 | 10-12 || total
---------------------------+-------+-------+-------+-------++-------
  Melee: Hand axe          |   115 |   162 |   586 |   322 ||  1185
         Punch             |       |     4 |       |       ||     4
  Throw: Boomerang         |       |     9 |    59 |    16 ||    84
         Javelin           |       |       |       |    13 ||    13
 Invoke: Fiery Armour      |     1 |     2 |     6 |     4 ||    13
    Use: Scroll            |     4 |     5 |    10 |     6 ||    25
         Potion            |       |     2 |     2 |       ||     4
 Armour: Robe              |    37 |       |       |       ||    37
         Chain mail        |    15 |    84 |   299 |    40 ||   438
         Plate armour      |       |       |       |   197 ||   197
  Dodge: Dodged            |    43 |    47 |   137 |    80 ||   307
  Block: Kite shield       |       |       |   224 |   209 ||   433

Table legend:
 A = Non-vault XP
 B = Vault XP
 C = Vault XP percentage of total XP
 D = Non-vault monster count
 E = Vault monster count
 F = Vault count percentage of total count
                 A         B        C        D         E       F
            +---------+---------+-------+---------+---------+-------
      Total |    8590 |    2685 |  23.8 |     181 |      53 |  22.6
            +---------+---------+-------+---------+---------+-------
        D:1 |      46 |       0 |   0.0 |      28 |       0 |   0.0
        D:2 |      33 |     227 |  87.3 |      18 |       5 |  21.7
        D:3 |     131 |     167 |  56.0 |      25 |      14 |  35.9
        D:4 |     482 |      42 |   8.0 |      16 |       5 |  23.8
        D:5 |     988 |     511 |  34.1 |      25 |       5 |  16.7
        D:6 |     626 |     843 |  57.4 |      12 |      19 |  61.3
        D:7 |    1146 |       0 |   0.0 |      20 |       0 |   0.0
        D:8 |    2292 |     534 |  18.9 |      17 |       3 |  15.0
        D:9 |    1833 |     361 |  16.5 |      18 |       2 |  10.0
       D:10 |    1013 |       0 |   0.0 |       2 |       0 |   0.0
            +---------+---------+-------+---------+---------+-------
